 Dungeon Crawl Stone Soup version 0.17-a0-1748-g222fba8 (webtiles) character file.

136 Pirate the Skirmisher (level 4, -7/38 HPs)
             Began as a Centaur Fighter on Sept 1, 2015.
             Mangled by a wight
             ... wielding a +1 dire flail
              (11 damage)
             ... on level 4 of the Dungeon.
             The game lasted 00:08:05 (2333 turns).

Pirate the Skirmisher (Centaur Fighter)             Turns: 2333, Time: 00:08:05

Health: -7/38      AC:  6    Str: 19    XL:     4   Next: 98%
Magic:  4/4        EV:  5    Int:  7    God:
Gold:   146        SH:  8    Dex:  9    Spells: 0 memorised, 3 levels left

rFire  . . .     SeeInvis .     a - +0 trident
rCold  . . .     Clarity  .     b - +0 scale mail
rNeg   . . .     SustAt   .     c - +0 shield
rPois  .         Gourm    .     (no helmet)
rElec  .         Spirit   .     v - -1 cloak (curse)
rCorr  .         Warding  .     (no gloves)
rMut   .         Stasis   .     (no barding)
MR     .....                    (no amulet)
Stlth  ..........               (no ring)
                                (no ring)

@: drained, very quick, not resistant to hostile enchantments, extremely
unstealthy
A: hooves 3, deformed body, speed 2, tough skin 3
a: no special abilities


You were on level 4 of the Dungeon.
You were not hungry.

You visited 1 branch of the dungeon, and saw 4 of its levels.

You collected 146 gold pieces.

Inventory:

Hand weapons
 a - a +0 trident (weapon)
Armour
 b - a +0 scale mail (worn)
 c - a +0 shield (worn)
 v - a cursed -1 cloak (worn)
Scrolls
 g - a scroll of recharging {unknown}
 h - 3 scrolls of remove curse {unknown}
 i - 5 scrolls of identify {unknown}
 k - a scroll of immolation {unknown}
 l - 3 scrolls of enchant armour {unknown}
 p - 2 scrolls of noise {unknown}
 r - a scroll of random uselessness {unknown}
 s - a scroll of blinking {unknown}
 w - a scroll of magic mapping {unknown}
 x - a scroll of amnesia {unknown}
 y - a scroll of fog {unknown}
Potions
 d - a potion of might
 f - a potion of invisibility {unknown}
 j - a potion of heal wounds {unknown}
 n - 2 potions of cancellation {unknown}
 q - a potion of curing {unknown}
 u - a potion of agility {unknown}
 z - 2 potions of mutation {unknown}
 A - a potion of brilliance {unknown}
 B - 2 potions of haste {unknown}
 C - a potion of cure mutation {unknown}
 D - a potion of magic {unknown}
Comestibles
 e - 2 bread rations
 m - a meat ration
 t - 2 beef jerkies


   Skills:
 + Level 3.4(2.8) Fighting
 * Level 2.9(2.4) Polearms
 + Level 2.6(2.0) Armour
 + Level 1.3(0.8) Dodging
 + Level 2.7(2.1) Shields


You had 3 spell levels left.
You didn't know any spells.

Dungeon Overview and Level Annotations

Branches:
Dungeon (4/15)
 Temple: D:4-7

Altars:
Fedhas
Yredelemnul


Innate Abilities, Weirdness & Mutations

You have hooves in place of feet.
Armour fits poorly on your strangely shaped body.
You cover ground very quickly.
You have extremely tough skin (AC +3).


Message History

You hit the wight but do no damage. You kick the wight, but do no damage.
The wight is almost destroyed.
Attack whom?
Press: ? - help, Dir - move target cursor, f/p - wight
Aim: a wight, wielding an enchanted dire flail and wearing a robe (almost destroyed)
You reach to attack!
You closely miss the wight.
The wight is almost destroyed.
You block the wight's attack.
Attack whom?
Press: ? - help, Dir - move target cursor, f - you
Okay, then.
The wight hits you with an enchanted dire flail!
* * * LOW HITPOINT WARNING * * *
Attack whom?
Press: ? - help, Dir - move target cursor, f/p - wight
Aim: a wight, wielding an enchanted dire flail and wearing a robe (almost destroyed)
You closely miss the wight.
The wight is almost destroyed.
The wight hits you with an enchanted dire flail!
You die...

#.# #.# #.# ##
####### #.# ...
#.....######.####
....####
#.##............#
.zz....#
###.##..######.##.#
#z# #zz.....#
##...#.## #.#
#.#@...># #.......#
#z# ####z#######
##....... #.#
#...z.# ##.#..<#
######.# #z##..#
#.##### #...z..#
#.##..## #.#
#z###### #.##...#
##+## #z# #z###..#
##...## #.### #.#
#..## ##.....##
#.#.## #.###...##
##.......##


You could see 2 wights.

Vanquished Creatures
  An orc priest (D:3)
  Natasha (twice) (D:3)
  An adder (D:2)
  4 worms
  4 orcs (D:3)
  4 bats
  3 giant cockroaches
  4 goblins
  8 hobgoblins
  7 kobolds
  3 quokkas (D:2)
  A giant gecko (D:3)
  3 giant newts
  3 rats
48 creatures vanquished.

Notes
Turn   | Place    | Note
--------------------------------------------------------------
     0 | D:1      | Pirate the Centaur Fighter began the quest for the Orb.
     0 | D:1      | Reached XP level 1. HP: 19/19 MP: 1/1
   425 | D:1      | Reached XP level 2. HP: 21/26 MP: 2/2
   923 | D:2      | Reached XP level 3. HP: 25/31 MP: 3/3
  1267 | D:2      | Found a blossoming altar of Fedhas.
  1381 | D:3      | Found a basalt altar of Yredelemnul.
  1489 | D:3      | Reached skill level 1 in Dodging
  1510 | D:3      | Reached XP level 4. HP: 24/38 MP: 4/4
  1725 | D:3      | Noticed Natasha
  1745 | D:3      | Killed Natasha
  1781 | D:3      | Noticed Natasha
  1800 | D:3      | Killed Natasha
  2116 | D:4      | Noticed a phantom
  2333 | D:4      | Mangled by a wight

Vault maps used:
D:1:      nagdon_arrival_double_spiral
D:2:      fedhas_altar_3
D:3:      lemuel_doored_altar, first_bread, uniq_natasha
D:4:      serial_shops, shop, nicolae_tso_besieged_by_evil

Action                   |  1- 3 |  4- 6 || total
-------------------------+-------+-------++-------
Melee: Trident           |   165 |    74 ||   239
  Eat: Chunk             |     1 |     2 ||     3
